Construct Section Command Post
Selects Indian Artillery Battlegroup
Construct Platoon Command Post
Unlock M3 Stuart Light Tanks
Selects Gurkha Rifles Section
6-pounder Anti-tank Gun Team
Construct Company Command Post
Construct Company Command Post
Unlock Towed 17-pounder Anti-tank Guns
17-pounder Anti-tank Gun Team
Selects Artillery Saturation
Selects Off-map Airburst Barrage
Selects Perimeter Monitor
6-pounder Anti-tank Gun Team